Map: Blackpink LE

Players

Lambo

  • Race: Zerg Zerg
  • Spawn Location: 1:00

SpeCial - Winner!

  • Race: Terran Terran
  • Spawn Location: 7:00

Event: IEM Season 12 - Katowice

VOD

Have the link to the VOD?

Description

Time

  • Played on: Feb. 27, 2018, 5:13 a.m.
  • Length: 14:51

All games in this series

Show
View Real Time Build Order
Export as new Build Order

Lambo Zerg 

Build Orders: Hatch First 

Get SALT Encoding   

  12  0:00  Drone  
  13  0:12  Overlord  
  13  0:18  Drone  
  14  0:31  Drone x2  
  16  0:37  Drone  
  17  0:51  Hatchery  
  17  0:54  Drone  
  17  0:57  Drone  
  18  1:10  Extractor  
  17  1:13  Spawning Pool  
  17  1:15  Drone  
  17  1:18  Drone  
  18  1:28  Drone  
  19  1:40  Overlord  
  19  1:50  Drone  
  20  2:01  Queen, Zergling x2  
  22  2:03  Queen, Zergling x2  
  26  2:12  Metabolic Boost  
  26  2:13  Drone  
  27  2:19  Drone  
  27  2:22  Drone  
  29  2:35  Drone  
  30  2:38  Drone, Hatchery  
  30  2:45  Queen  
  30  2:49  Overlord  
  32  2:55  Drone x2  
  34  2:59  Drone  
  34  3:00  Drone  
  36  3:08  Drone x2  
  36  3:12  Drone x2  
  40  3:14  Overlord  
  40  3:20  Drone  
  40  3:21  Drone  
  40  3:23  Queen  
  44  3:33  Queen  
  46  3:40  Zergling x6  
  46  3:41  Zergling x6  
  52  3:44  Overlord  
  52  3:51  Drone x2  
  52  3:55  Overlord  
  54  3:57  Drone x2  
  54  3:58  Baneling Nest  
  54  4:05  Drone x2  
  54  4:07  Drone x2  
  57  4:12  Drone  
  57  4:16  Drone  
  58  4:17  Lair  
  58  4:18  Spore Crawler  
  58  4:19  Spore Crawler  
  58  4:20  Spore Crawler  
  55  4:24  Drone x3  
  59  4:31  Drone  
  59  4:32  Queen  
  59  4:34  Overlord  
  59  4:35  Drone  
  62  4:39  Drone  
  62  4:41  Extractor  
  62  4:46  Drone x2  
  62  4:47  Drone x2  
  62  4:48  Overlord  
  62  4:50  Overlord  
  66  4:53  Overlord  
  66  4:58  Drone x2  
  66  4:59  Overlord  
  67  5:03  Drone x2  
  67  5:05  Evolution Chamber  
  67  5:06  Evolution Chamber  
  67  5:07  Drone x2  
  69  5:08  Drone  
  69  5:09  Drone  
  69  5:13  Drone  
  72  5:14  Overseer  
  72  5:15  Overlord  
  72  5:18  Drone x2  
  73  5:21  Zergling x6  
  73  5:24  Zergling x2  
  74  5:29  Zergling x6  
  74  5:30  Drone  
  74  5:34  Drone x2  
  75  5:41  Drone x4  
  73  5:46  Drone  
  73  5:50  Drone x2  
  73  5:52  Drone x2  
  73  5:54  Zerg Missile Weapons Level 1  
  73  5:55  Drone  
  78  5:58  Drone  
  79  6:04  Drone x2  
  79  6:07  Extractor x2  
  79  6:08  Drone  
  80  6:11  Hatchery  
  80  6:14  Zerg Ground Armor Level 1  
  80  6:17  Drone x2  
  76  6:19  Drone  
  76  6:23  Drone x3  
  76  6:25  Drone  
  80  6:26  Drone  
  80  6:27  Extractor  
  80  6:28  Extractor  
  80  6:31  Drone  
  80  6:32  Hydralisk Den  
  79  6:33  Drone  
  79  6:34  Drone x3  
  82  6:40  Zergling x2  
  82  6:44  Zergling x4  
  82  6:45  Drone x2  
  86  6:53  Zergling x2  
  86  6:54  Zergling x2, Centrifical Hooks  
  88  7:01  Infestation Pit  
  88  7:02  Zergling x10  
  88  7:04  Drone  
  88  7:07  Drone  
  90  7:11  Zergling x6  
  90  7:14  Zergling x2  
  90  7:17  Grooved Spines  
  90  7:23  Drone x2  
  90  7:29  Drone x5  
  96  7:31  Drone  
  96  7:32  Drone x2  
  99  7:38  Hydralisk x5  
  99  7:41  Hive  
  99  7:43  Drone x2  
  111  7:46  Hydralisk x2  
  111  7:50  Hydralisk x2  
  117  7:57  Drone x2  
  118  7:59  Queen, Extractor  
  118  8:00  Extractor  
  118  8:03  Hydralisk  
  118  8:04  Spore Crawler  
  119  8:06  Zergling x2  
  119  8:07  Overlord  
  119  8:10  Overlord  
  118  8:13  Overlord  
  118  8:16  Overlord  
  118  8:17  Overlord  
  118  8:19  Zerg Missile Weapons Level 2  
  118  8:20  Zerg Melee Weapons Level 1  
  118  8:24  Overlord  
  118  8:26  Drone x4  
  121  8:29  Hydralisk x3, Muscular Augments  
  121  8:30  Hydralisk  
  129  8:36  Hydralisk x2  
  129  8:37  Hydralisk x3  
  137  8:42  Hydralisk x3  
  137  8:43  Hydralisk x2  
  137  8:46  Zergling x6  
  148  8:51  Hydralisk x2  
  148  8:52  Zergling x4  
  151  8:57  Hydralisk x3  
  157  9:06  Viper  
  160  9:12  Viper  
  160  9:14  Overlord  
  160  9:15  Zergling x4  
  160  9:16  Zergling x4  
  167  9:19  Hatchery  
  167  9:23  Zergling x8  
  167  9:26  Overlord  
  167  9:27  Overlord  
  167  9:28  Overlord  
  167  9:30  Overlord  
  165  9:31  Overlord  
  165  9:33  Baneling x3  
  165  9:35  Hydralisk x4  
  165  9:37  Overlord  
  174  9:43  Baneling  
  174  9:44  Baneling x2  
  172  9:46  Hydralisk x4  
  172  9:50  Overlord  
  172  9:52  Hydralisk x2  
  171  9:53  Hydralisk x2  
  167  10:00  Hydralisk  
  167  10:02  Overlord  
  167  10:06  Hydralisk x2  
  156  10:11  Hydralisk  
  156  10:12  Hydralisk x2  
  150  10:19  Hydralisk x3  
  152  10:22  Hydralisk  
  152  10:23  Hydralisk  
  152  10:28  Hydralisk x2  
  156  10:33  Hydralisk x2  
  147  10:38  Hydralisk x3  
  147  10:42  Hydralisk x2  
  139  10:48  Extractor  
  136  11:00  Hydralisk x4  
  136  11:03  Overseer  
  144  11:05  Drone x2  
  144  11:06  Drone x3  
  144  11:08  Hatchery  
  144  11:09  Viper  
  151  11:16  Hydralisk x2  
  154  11:22  Hydralisk  
  154  11:23  Hydralisk x3  
  162  11:33  Hydralisk x4  
  168  11:41  Overseer x2  
  168  11:43  Zerg Missile Weapons Level 3  
  168  11:45  Drone x2  
  170  11:52  Hydralisk x4  
  178  12:00  Hydralisk x3  
  182  12:02  Overlord, Hydralisk  
  182  12:03  Zergling x6  
  182  12:05  Zergling x4  
  183  12:09  Extractor  
  183  12:10  Extractor, Hydralisk x3  
  185  12:15  Hydralisk x3  
  185  12:18  Overlord  
  189  12:23  Hydralisk x2  
  189  12:24  Hydralisk  
  187  12:32  Hydralisk x4  
  187  12:40  Hydralisk x3  
  162  12:44  Zergling x10  
  162  12:51  Hydralisk x3  
  168  13:02  Hydralisk x2, Hatchery  
  167  13:06  Hydralisk  
  167  13:10  Baneling  
  167  13:11  Baneling x7  
  165  13:21  Viper  
  157  13:31  Hydralisk x5  
  167  13:36  Hydralisk  
  169  13:47  Extractor, Hydralisk x2  
  172  13:48  Extractor  
  172  13:55  Hatchery  
  170  13:56  Hydralisk x3  
  170  14:01  Hydralisk x2  
  180  14:05  Hydralisk x2  
  184  14:10  Hydralisk  
  184  14:14  Hydralisk x2  
  179  14:19  Hydralisk x2  
  179  14:23  Overlord  
Show
View Real Time Build Order
Export as new Build Order

SpeCial Terran - Winner!

Build Orders: Gas First Reaper Expand, Reaper Expand, Hellion Banshee, Mech 

Get SALT Encoding   

  12  0:00  SCV  
  13  0:13  SCV  
  14  0:17  Supply Depot  
  14  0:25  SCV  
  15  0:28  Refinery  
  15  0:39  SCV  
  16  0:44  Barracks  
  16  0:51  SCV  
  17  1:03  SCV  
  18  1:15  SCV  
  19  1:31  Reaper, Orbital Command  
  20  1:43  Command Center  
  20  1:52  Factory  
  20  1:58  SCV  
  21  2:05  Barracks Reactor  
  21  2:10  SCV  
  21  2:14  Supply Depot  
  22  2:19  Refinery  
  22  2:22  SCV  
  23  2:36  SCV  
  24  2:45  Starport  
  24  2:49  Hellion x2  
  24  2:50  SCV  
  29  2:55  Barracks Tech Lab  
  29  2:56  Orbital Command  
  29  3:02  SCV  
  30  3:11  Hellion x2  
  34  3:14  SCV  
  35  3:22  SCV  
  35  3:26  SCV  
  37  3:29  Cloaking Field  
  37  3:32  Banshee  
  37  3:34  SCV  
  41  3:39  Supply Depot  
  41  3:40  Hellion  
  43  3:43  Hellion  
  43  3:47  SCV  
  46  3:53  Supply Depot  
  46  4:00  SCV x2, Marine  
  49  4:08  Hellion x2  
  48  4:12  SCV x2  
  48  4:15  Banshee  
  49  4:24  SCV x2  
  51  4:31  Barracks Tech Lab  
  51  4:35  Command Center  
  51  4:36  SCV  
  51  4:37  SCV  
  53  4:39  Hellion  
  53  4:42  Hellion  
  57  4:49  Supply Depot, SCV x2  
  59  4:55  Refinery  
  59  4:56  Refinery  
  59  5:00  Hellion  
  59  5:01  SCV  
  62  5:10  SCV  
  62  5:11  Hellion  
  62  5:13  SCV  
  66  5:15  Armory  
  66  5:17  Supply Depot  
  66  5:23  SCV  
  66  5:25  SCV  
  66  5:26  Hellion  
  70  5:33  Factory  
  70  5:35  SCV  
  66  5:36  Factory  
  66  5:37  SCV  
  66  5:38  Hellion  
  67  5:47  SCV, Hellion  
  67  5:49  SCV  
  71  5:52  Orbital Command  
  71  5:59  Starport Reactor, SCV  
  71  6:00  Hellion  
  71  6:01  SCV  
  71  6:03  Terran Vehicle Weapons Level 1  
  75  6:09  Hellion  
  78  6:11  SCV  
  78  6:13  SCV  
  75  6:21  Hellion, Siege Tank  
  75  6:22  SCV  
  75  6:23  SCV  
  75  6:25  SCV, Refinery x2  
  76  6:27  Siege Tank  
  76  6:30  Supply Depot  
  80  6:34  SCV  
  80  6:35  SCV  
  80  6:36  Infernal Pre-Igniter, Supply Depot  
  80  6:37  SCV  
  80  6:39  Factory  
  83  6:46  SCV, Factory  
  84  6:47  SCV  
  84  6:48  Ghost Academy  
  84  6:50  SCV  
  86  6:54  Supply Depot  
  86  6:55  Hellion x2  
  86  6:58  Siege Tank  
  86  6:59  SCV x2, Barracks Tech Lab  
  95  7:02  SCV  
  95  7:03  Starport Tech Lab  
  96  7:11  SCV x2  
  96  7:14  SCV  
  95  7:17  Hellion x2, Siege Tank  
  95  7:22  Ghost  
  104  7:23  SCV  
  104  7:24  SCV  
  104  7:28  Supply Depot  
  104  7:29  SCV  
  107  7:30  Supply Depot, Siege Tank  
  107  7:32  Factory Reactor  
  107  7:35  SCV  
  111  7:43  Hellion x2  
  115  7:50  Ghost, Supply Depot, Siege Tank  
  119  7:52  Armory  
  119  7:56  SCV x3  
  122  8:02  Siege Tank  
  122  8:03  Terran Vehicle Weapons Level 2  
  122  8:04  Command Center  
  125  8:09  Hellion x2  
  125  8:10  Hellion  
  125  8:11  Hellion  
  125  8:12  Siege Tank  
  136  8:14  Supply Depot  
  136  8:19  Ghost  
  138  8:31  Hellion  
  138  8:33  Supply Depot  
  138  8:34  Supply Depot  
  140  8:36  Supply Depot, Hellion x3  
  140  8:38  Siege Tank x2  
  150  8:44  Hellion  
  149  8:52  Hellion  
  149  8:54  SCV x3  
  146  8:57  Hellion x3  
  152  9:04  Ghost  
  152  9:05  Engineering Bay  
  152  9:06  Siege Tank  
  157  9:10  Siege Tank  
  157  9:11  Siege Tank  
  157  9:13  Hellion  
  165  9:19  Hellion  
  167  9:33  Ghost  
  167  9:34  Hellion x2  
  167  9:38  Siege Tank  
  174  9:43  Siege Tank  
  174  9:44  SCV  
  176  9:52  Hellion x2  
  161  10:00  Siege Tank  
  161  10:01  Ghost  
  161  10:03  SCV x2  
  161  10:04  Hellion  
  141  10:08  Armory  
  141  10:10  Siege Tank  
  135  10:15  Hellion x2, Siege Tank  
  135  10:21  SCV x2  
  144  10:25  Armory  
  144  10:26  Supply Depot  
  144  10:27  Hellion x2  
  148  10:30  Ghost  
  148  10:32  Siege Tank  
  145  10:37  Hellion  
  145  10:41  Hellion, SCV  
  145  10:42  Siege Tank  
  136  10:47  Terran Vehicle And Ship Armor Level 1, Hellion  
  136  10:49  Supply Depot, Planetary Fortress  
  135  10:51  Command Center, Refinery  
  135  10:52  Hellion, Refinery  
  131  10:58  Ghost, Hellion  
  131  11:00  Hellion  
  131  11:02  Hellion  
  137  11:04  SCV, Siege Tank  
  137  11:05  SCV  
  137  11:06  Sensor Tower, Liberator  
  137  11:08  Missile Turret  
  142  11:13  Missile Turret  
  142  11:14  Hellion  
  142  11:18  Siege Tank  
  147  11:19  Hellion  
  147  11:21  Hellion  
  147  11:24  Hellion  
  154  11:27  Ghost  
  154  11:28  Supply Depot  
  156  11:33  Siege Tank  
  156  11:35  Hellion  
  156  11:38  Terran Vehicle Weapons Level 3  
  159  11:41  Hellion  
  159  11:43  Hellion  
  159  11:45  Hellion  
  165  11:47  Hellion  
  165  11:51  Siege Tank  
  165  11:53  Supply Depot  
  170  11:56  Hellion  
  172  12:02  Hellion  
  172  12:04  Hellion  
  172  12:05  Siege Tank  
  172  12:06  Hellion  
  177  12:09  Hellion  
  178  12:18  Hellion  
  178  12:19  SCV x2  
  166  12:23  Hellion  
  166  12:24  Hellion  
  166  12:26  Hellion  
  166  12:27  Ghost  
  166  12:28  Hellion  
  168  12:30  SCV, Siege Tank  
  168  12:31  SCV x2  
  168  12:37  Siege Tank  
  168  12:42  SCV  
  168  12:43  SCV  
  168  12:44  SCV  
  165  12:46  Hellion x2  
  165  12:47  Hellion  
  171  12:54  Smart Servos  
  171  12:55  SCV  
  171  12:56  Ghost, SCV x2  
  171  12:59  Starport Reactor  
  171  13:02  Siege Tank  
  171  13:05  Fusion Core, Barracks  
  171  13:07  SCV, Starport, Barracks  
  171  13:08  Siege Tank  
  182  13:12  Siege Tank  
  182  13:13  Hellion x2  
  145  13:33  Hellion x2  
  149  13:34  Siege Tank  
  149  13:36  Hellion  
  149  13:37  Hellion  
  149  13:40  Siege Tank  
  149  13:41  SCV x3  
  157  13:42  Refinery  
  157  13:44  Ghost  
  157  13:45  Siege Tank  
  157  13:46  Starport Tech Lab  
  163  14:00  Hellion  
  163  14:01  Hellion x2  
  171  14:02  Planetary Fortress  
  171  14:03  Hellion  
  171  14:04  Missile Turret  
  171  14:06  Siege Tank  
  174  14:12  Ghost, Siege Tank  
  174  14:15  Barracks Tech Lab x2  

Tags
 
Add a new tag
Caveats
  • Supply blocks, unpowered buildings, or Contaminate may cause inaccurate times.
  • Supply counts are checked every 10 seconds.